 Dungeon Crawl Stone Soup version 0.27.1-34-g3ba077fa99 (webtiles) character file.

Game seed: 12851755754906666487

580 lordive the Conjurer (level 7, 0/36 HPs)
             Began as a Deep Elf Conjurer on Jan 19, 2022.
             Slain by a wraith (5 damage)
             ... in an ossuary.
             The game lasted 00:07:16 (3634 turns).

lordive the Conjurer (Deep Elf Conjurer)            Turns: 3634, Time: 00:07:16

Health: 0/36       AC:  3    Str:  4    XL:     7   Next: 13%
Magic:  8/19       EV: 12    Int: 25    God:
Gold:   86         SH:  0    Dex: 13    Spells: 16/19 levels left

rFire    . . .     SeeInvis .   l - +2 dagger (drain)
rCold    . . .     Faith    .   (no shield)
rNeg     . . .     Spirit   .   j - +0 robe {Will+}
rPois    .         Reflect  .   n - +0 helmet
rElec    .         Harm     .   (no cloak)
rCorr    .         Rampage  .   (no gloves)
Will     +....                  (no boots)
Stlth    ++........             (no amulet)
HPRegen  0.12/turn              (no ring)
MPRegen  0.16/turn              (no ring)

@: slowed, very slow
A: no striking features
a: no special abilities


You were in an ossuary.
You visited 1 branch of the dungeon, and saw 4 of its levels.
You also visited: Ossuary.

You collected 86 gold pieces.

Inventory:

Hand Weapons
 l - a +2 dagger of draining (weapon)
Armour
 j - a +0 robe of willpower (worn)
 n - a +0 helmet (worn)
Scrolls
 a - a scroll of enchant weapon {unknown}
 d - a scroll of amnesia {unknown}
 g - a scroll of noise {unknown}
 k - 2 scrolls of teleportation {unknown}
 o - 2 scrolls of identify {unknown}
 p - a scroll of immolation {unknown}
Potions
 b - 3 potions of lignification {unknown}
 c - 2 potions of curing {unknown}
 e - a potion of flight {unknown}
 f - 2 potions of ambrosia {unknown}
 h - a potion of haste {unknown}
 i - a potion of might {unknown}
 m - 2 potions of mutation {unknown}
 q - a potion of cancellation {unknown}


   Skills:
 + Level 3.0 Dodging
 + Level 3.4 Stealth
 + Level 6.9 Spellcasting
 + Level 7.3 Conjurations


You had 16 spell levels left.
You knew the following spells:

 Your Spells              Type           Power      Damage    Failure   Level
a - Magic Dart            Conj           100%       1d8       1%          1
b - Searing Ray           Conj           90%        3d6       1%          2

Your spell library contained the following spells:

 Spells                   Type           Power      Damage    Failure   Level
 Dazzling Flash           Conj/Hex       54%        N/A       4%          3
 Fulminant Prism          Conj/Hex       13%        3d9       14%         4
 Iskenderun's Mystic Bla  Conj/Tloc      27%        2d7       14%         4
 Gell's Gravitas          Tloc           4%         N/A       21%         3
 Lesser Beckoning         Tloc           4%         N/A       21%         3
 Teleport Other           Tloc           8%         N/A       21%         3


Dungeon Overview and Level Annotations

Branches:
Dungeon (4/15)            Ossuary (1/1)
 Temple: D:4-7

Altars:
Kikubaaqudgha

Annotations:
D:3 2 transporters, boopmooplesden's ghost, amateur MiFi


Message History

The searing ray hits the wraith but does no damage.
The wraith is lightly damaged.
The wraith misses you.
The searing ray hits the wraith!
The wraith is moderately damaged.
You finish channeling your searing ray.
The wraith hits you. The wraith drains your vigour!
You feel yourself slow down.
Casting: Searing Ray (safe; 1% risk of failure)
Confirm with . or Enter, or press ? or * to list all spells.
Aiming: Searing Ray (safe; 1% risk of failure)
Press: ? - help, Shift-Dir - straight line, f/p - wraith
Aim: a wraith (moderately damaged, 82% to hit)
The searing ray hits the wraith.
The wraith is moderately damaged. (Press . to maintain the ray.)
The wraith hits you. The wraith drains your vigour!
You feel as though you will be slow longer.
The searing ray misses the wraith.
The wraith completely misses you. The wraith misses you.
The searing ray misses the wraith.
The wraith hits you! The wraith drains your vigour!
You feel as though you will be slow longer.
The searing ray hits the wraith.
The wraith is heavily damaged.
You finish channeling your searing ray.
The wraith hits you. The wraith hits you!
* * * LOW HITPOINT WARNING * * *
Unknown command.
Casting: Searing Ray (safe; 1% risk of failure)
Confirm with . or Enter, or press ? or * to list all spells.
Aiming: Searing Ray (safe; 1% risk of failure)
Press: ? - help, Shift-Dir - straight line, f/p - wraith
Aim: a wraith (heavily damaged, 82% to hit)
The searing ray hits the wraith!
The wraith is severely damaged. (Press . to maintain the ray.)
The wraith barely misses you.
The searing ray misses the wraith.
The wraith closely misses you. The wraith hits you.
You die...

####################
....................
...................
#..###..###..####. .
#..# #..#.#..@W!#
.#+#..#+#..#'#..####..
.#.#..#.#..#.#........
......................
......###.......####..
..8...# #...8....+ .
......#+#.......##
......#.#.........
...................


You could see a wraith.

Vanquished Creatures
  Grinder (D:3)
  An ogre (D:2)
  A hound (D:2)
  A human zombie (Ossuary)
  Jessica (D:3)
  Natasha (thrice) (D:2)
  Robin (D:3)
  4 adders
  An ufetubus (D:4)
  A dart slug (D:3)
  3 endoplasms
  2 giant cockroaches
  19 goblins
  8 hobgoblins
  2 jackals (D:1)
  7 kobolds
  A quokka (D:1)
  10 ball pythons
  7 bats
  7 frilled lizards
  2 goblin zombies (Ossuary)
  5 hobgoblin zombies (Ossuary)
  2 kobold zombies (Ossuary)
  An orc zombie (Ossuary)
  7 rats
98 creatures vanquished.

Vanquished Creatures (others)
  6 plants (D:3)
6 creatures vanquished.

Grand Total: 104 creatures vanquished

Notes
Turn   | Place    | Note
-------+----------+-------------------------------------------
     0 | D:1      | lordive the Deep Elf Conjurer began the quest for the Orb.
     0 | D:1      | Reached XP level 1. HP: 10/10 MP: 6/6
   106 | D:1      | Found a faded altar of an unknown god.
   178 | D:1      | Reached XP level 2. HP: 15/15 MP: 1/8
   181 | D:1      | Learned a level 2 spell: Searing Ray
   406 | D:1      | Reached skill level 5 in Conjurations
   658 | D:1      | Reached XP level 3. HP: 19/19 MP: 5/9
   915 | D:2      | Noticed Natasha
   921 | D:2      | Killed Natasha
   924 | D:2      | Reached XP level 4. HP: 3/24 MP: 2/12
  1226 | D:2      | Noticed Natasha
  1230 | D:2      | Killed Natasha
  1305 | D:2      | Reached skill level 6 in Conjurations
  1474 | D:2      | Reached XP level 5. HP: 28/28 MP: 10/13
  1622 | D:2      | Noticed Natasha
  1626 | D:2      | Killed Natasha
  1810 | D:2      | Noticed an ogre
  1815 | D:2      | Killed an ogre
  1816 | D:2      | Reached skill level 5 in Spellcasting
  2267 | D:3      | Noticed Jessica
  2269 | D:3      | Killed Jessica
  2270 | D:3      | Reached XP level 6. HP: 32/32 MP: 12/16
  2351 | D:3      | Found a transporter.
  2351 | D:3      | Found a transporter.
  2469 | D:3      | Found an ancient bone altar of Kikubaaqudgha.
  2541 | D:3      | Noticed Robin
  2543 | D:3      | Killed Robin
  2812 | D:3      | Noticed Grinder
  2817 | D:3      | Paralysed by Grinder for 3 turns
  2821 | D:3      | Killed Grinder
  2822 | D:3      | Reached skill level 7 in Conjurations
  2843 | D:3      | Reached XP level 7. HP: 36/36 MP: 11/19
  3111 | D:3      | Noticed boopmooplesden's ghost (amateur MiFi)
  3289 | D:4      | Found a sand-covered staircase.
  3301 | Ossuary  | Entered an ossuary
  3301 | Ossuary  | Noticed a wraith
  3301 | Ossuary  | Noticed a wraith
  3301 | Ossuary  | Noticed a wraith
  3624 | Ossuary  | Noticed a wraith
  3634 | Ossuary  | Slain by a wraith

Illustrated notes

Levels and vault maps discovered:
D:1:      lightli_iron_boxes, layout_rooms, basic_ecumenical_altar
D:2:      layout_basic, uniq_natasha
D:3:      layout_basic, mainiacjoe_overflow_paths,
          gammafunk_ghost_gnarly_gnolls, minivault_11, hex_medium, st_stairs_3,
          lightli_corner_chamber, uniq_jessica, uniq_grinder, uniq_robin
D:4:      layout_loops_ring, zin_purify, ebering_ghost_rock_garden,
          lightli_ossuary_entry_decrepit_ruins, uniq_blork_the_orc
Ossuary:  ossuary_kennysheep_city_of_the_dead

Skill      XL: |  1  2  3  4  5  6 |
---------------+-------------------+-----
Conjurations   | 5 6 7 |  7.3
Spellcasting   | 4 5 6 |  6.9
Dodging        | 3 |  3.0
Stealth        | 3 |  3.4

Action                   |  1- 3 |  4- 6 |  7- 9 || total
-------------------------+-------+-------+-------++-------
 Cast: Magic Dart        |    48 |    58 |    53 ||   159
       Searing Ray       |     3 |     7 |     5 ||    15
Armor: Robe              |     2 |       |     1 ||     3
Dodge: Dodged            |     8 |     5 |    10 ||    23
